 Dungeon Crawl Stone Soup version 0.26-a0-638-gcca6ad1b57 (webtiles) character file.

Game seed: 8705795835096867577

23808 Drevant2 the Cleaver (level 12, -5/81 HPs)
             Began as a Demonspawn Chaos Knight on Sept 14, 2020.
             Was a Plaything of Xom.
             Slain by an eight-headed hydra (9 damage)
             ... on level 5 of the Lair of Beasts.
             The game lasted 00:42:30 (18506 turns).

Drevant2 the Cleaver (Demonspawn Chaos Knight)     Turns: 18506, Time: 00:42:31

Health: -5/81      AC: 10    Str: 23 (24) XL:     12   Next: 75%
Magic:  10/10      EV: 11    Int: 14      God:    Xom [......]
Gold:   960        SH: 20    Dex: 11 (12) Spells: 11/11 levels left

rFire    + . .     SeeInvis +   e - +14 obsidian axe {vorpal, +Fly SInv *Curse}
rCold    . . .     Faith    .   f - +3 kite shield
rNeg     . . .     Spirit   .   (no armour)
rPois    .         Reflect  +   D - +0 hat of Syotioxt {MR+ Str+2}
rElec    .         Harm     .   B - +0 cloak
rCorr    .         Rampage  .   (no gloves)
MR       +++..                  (boots unavailable)
Stlth    +.........             E - amulet of reflection
HPRegen  0.23/turn              q - +6 ring of strength
MPRegen  0.12/turn              h - ring of protection from magic

@: sanguine armour, mesmerised
A: antennae 2, talons 3, blink, clumsy 1, deformed body, demonic guardian 2,
deterioration 1, fire resistance 1, low mp 1, magic resistance 1, sanguine
armour 2
a: Blink, Renounce Religion, Evoke Flight


You were on level 5 of the Lair of Beasts.
You worshipped Xom.
You were a very special plaything of Xom.
You visited 2 branches of the dungeon, and saw 16 of its levels.

You collected 960 gold pieces.

Inventory:

Hand Weapons
 a - a +0 falchion of chaos
 e - the +14 obsidian axe (weapon) {vorpal, +Fly SInv *Curse}
   (Xom gifted it to you on level 7 of the Dungeon)

   It inflicts extra damage upon your enemies.
   It lets you see invisible.
   It lets you fly.
   It curses itself when equipped.
 t - a cursed -1 rapier
Armour
 b - a +2 leather armour
 f - a +3 kite shield (worn)
 g - a +0 helmet
 n - a +0 chain mail
 A - a +1 helmet
 B - a +0 cloak (worn)
 D - the +0 hat of Syotioxt (worn) {MR+ Str+2}
   (You found it on level 7 of the Dungeon)

   It affects your strength (+2).
   It affects your resistance to hostile enchantments.
 J - a +0 troll leather armour
 R - the +2 cloak of the Thief {*Fog Slay-2 SInv Stlth+}
   (Xom gifted it to you on level 2 of the Lair of Beasts)

   It affects your accuracy and damage with ranged weapons and melee attacks
   (-2).
   It lets you see invisible.
   It makes you more stealthy.
 S - a +0 leather armour
Jewellery
 h - a ring of protection from magic (right hand)
 q - a +6 ring of strength (left hand)
 s - an uncursed amulet of the acrobat {unknown}
 u - an uncursed ring of poison resistance {unknown}
 y - an uncursed ring of positive energy {unknown}
 E - an amulet of reflection (around neck)
 G - a cursed ring of attention {unknown}
 K - a cursed -4 ring of intelligence {unknown}
 L - an uncursed ring of ice
 M - a cursed ring of attention {unknown}
 P - an uncursed ring of poison resistance {unknown}
 T - an uncursed ring of flight
 W - an uncursed ring of protection from fire {unknown}
Wands
 v - a wand of acid (19)
 w - a wand of disintegration (7)
 z - a wand of flame (40)
 I - a wand of random effects (22)
 N - a wand of paralysis (17)
 X - a wand of enslavement (11)
Scrolls
 c - 13 scrolls of identify
 d - 3 scrolls of magic mapping
 j - 3 scrolls of amnesia
 k - 2 scrolls of noise
 l - 6 scrolls of remove curse
 m - 3 scrolls of teleportation
 p - 4 scrolls of enchant armour
 O - 2 scrolls of blinking
 U - a scroll of silence {unknown}
 V - a scroll of brand weapon {unknown}
Potions
 i - 2 potions of lignification
 o - 4 potions of haste {unknown}
 r - 3 potions of flight {unknown}
 x - a potion of stabbing
 C - 5 potions of curing
 F - a potion of degeneration {unknown}
 H - a potion of berserk rage {unknown}
 Q - 3 potions of cancellation {unknown}
 Y - 3 potions of ambrosia {unknown}


   Skills:
 - Level 3.4 Fighting
 - Level 10.2 Long Blades
 * Level 12.6 Axes
 - Level 2.2 Armour
 - Level 1.3 Dodging
 + Level 11.2 Shields


You had 11 spell levels left.
You didn't know any spells.
Your spell library contained the following spells:

 Spells                   Type           Power        Failure   Level
 Animate Skeleton         Necr           #.....       43%         1
 Freeze                   Ice            #...         43%         1
 Pain                     Necr           #...         43%         1
 Frozen Ramparts          Ice            #.....       80%         3
 Ozocubu's Armour         Ice            #.......     80%         3
 Vampiric Draining        Necr           #.........   80%         3
 Animate Dead             Necr           #.........   99%         4
 Hailstorm                Conj/Ice       #.......     99%         4
 Ice Form                 Ice/Tmut       #.......     99%         4
 Summon Ice Beast         Ice/Summ       #.......     99%         4
 Agony                    Necr           #.......     100%        5
 Metabolic Englaciation   Hex/Ice        #.........   100%        5
 Freezing Cloud           Conj/Ice/Air   #.........   100%        6
 Ozocubu's Refrigeration  Ice            #.........   100%        6
 Simulacrum               Ice/Necr       #.........   100%        6


Dungeon Overview and Level Annotations

Branches:
Dungeon (11/15)            Temple (0/1) D:7            Lair (5/6) D:10
 Shoals (0/4) Lair:4       Spider (0/4) Lair:4        Slime (0/5) Lair:5
    Orc: D:9-12

Altars:
Ashenzari
Cheibriados
Gozag
Makhleb
Ru
Trog
Uskayaw
Vehumet
Wu Jian
Xom
The Shining One
Jiyva

Annotations:
D:6 exclusion: statue


Innate Abilities, Weirdness & Mutations

You have claws for feet.
A demonic guardian rushes to your aid.
When seriously injured, your bleeding wounds create thick armour. (AC +9)
You have a pair of antennae on your head.
You can translocate small distances at will.
You are clumsy. (Dex -2)
Armour fits poorly on your strangely shaped body.
Your body sometimes deteriorates upon taking damage.
Your flesh is heat resistant. (rF+)
Your magical capacity is low. (-10% MP)
You are resistant to hostile enchantments. (MR+)


Message History

Aiming: Corrosive Bolt
Press: ? - help, Shift-Dir - straight line, f/p - eight-headed hydra
Aim: an eight-headed hydra (severely wounded, mesmerising)
The bolt of acid misses the eight-headed hydra.
The eight-headed hydra bites your smoke demon!
The eight-headed hydra barely misses your smoke demon.
The eight-headed hydra bites your smoke demon!
The eight-headed hydra barely misses your smoke demon.
The eight-headed hydra bites your smoke demon! x2
Your smoke demon dies!
You block the eight-headed hydra's attack. x2
Evoke which item? (* to show all) (? for menu, Esc to quit)
Aiming: Disintegrate
Press: ? - help, Shift-Dir - straight line, f/p - eight-headed hydra
Aim: an eight-headed hydra (severely wounded, mesmerising, chance to defeat MR: 30%)
The eight-headed hydra easily resists.
The eight-headed hydra bites you.
* * * LOW HITPOINT WARNING * * *
The eight-headed hydra bites you!
You die...
Xom snickers!

##. .⌠. #... .. ...##.
.....#.+### .##.
..###.....###.....
##.#.#.......##.#$
........?..# .....
.......⌠.#.+..!⌠..
...#.#....@D...... .#
# #.......#...##. #..
###.....##......
##..###P#††+#..#######
........##...#..##
#......)......#..##
..._>....⌠.<.⌠.....
..............#....
........##.⌠.......


You could see an eight-headed hydra (mesmerising).

Vanquished Creatures
  Erolcha (D:10)
  An unseen horror (D:7)
  The ghost of radzia the Grappler, a novice VSFi of Gozag (D:7)
  4 elephants (Lair:4)
  A black mamba (Lair:3)
  4 cane toads
  A komodo dragon (Lair:2)
  A polar bear (Lair:4)
  A meliai (Lair:5)
  9 blink frogs
  A meliai zombie (D:11)
  3 hippogriffs
  A wyvern (Lair:2)
  A wraith (D:11)
  10 yaks
  A basilisk (Lair:2)
  2 steam dragons
  A vampire mosquito (D:7)
  11 water moccasins
  9 porcupines
  An ice beast (D:9)
  3 sky beasts
  A black bear (D:7)
  3 orc warriors
  3 necrophages
  2 centaurs
  4 ogres
  2 phantoms
  6 wolves
  3 crocodiles
  14 bullfrogs
  A water moccasin skeleton (D:9)
  4 scorpions
  3 killer bees
  9 wights
  A howler monkey (D:6)
  A centaur zombie (D:7)
  2 bullfrog zombies
  4 hounds
  3 jellies
  4 orc priests
  Ijyb (D:5)
  3 bullfrog skeletons
  6 worker ants
  3 iguanas
  6 orc wizards
  A hound zombie (D:8)
  A hound skeleton (D:6)
  A worker ant zombie (D:7)
  Robin (D:2)
  A gnoll (D:7)
  A howler monkey skeleton (D:4)
  7 adders
  A shadow imp (D:8)
  A white imp (D:10)
  A howler monkey simulacrum (D:7)
  2 ufetubi
  3 adder skeletons
  An adder zombie (D:8)
  6 worms
  2 dart slugs
  7 leopard geckos
  25 orcs
  5 giant cockroaches
  25 goblins
  4 hobgoblins
  7 jackals
  4 kobolds
  4 quokkas
  2 ball pythons (D:6)
  3 bats
  6 frilled lizards
  2 goblin zombies (D:6)
  A jackal zombie (D:8)
  A quokka zombie (D:4)
  13 rats
296 creatures vanquished.

Vanquished Creatures (collateral kills)
  Fannar (Lair:1)
  2 hydras (Lair:3)
  Urug (Lair:2)
  A harpy (shapeshifter) (D:5)
  An ugly thing (D:7)
  A manticore (D:7)
  An elephant (Lair:4)
  2 black mambas
  3 cane toads
  2 rime drakes
  2 komodo dragons
  A troll (D:9)
  Prince Ribbit (D:5)
  Grinder (D:4)
  3 blink frogs
  2 hippogriffs
  10 yaks
  Sigmund (D:4)
  2 vampire mosquitoes (D:7)
  A water moccasin (Lair:2)
  A porcupine (Lair:4)
  An ice beast (D:7)
  4 orc warriors
  An ogre (D:3)
  2 wolves (Lair:5)
  A centaur (D:5)
  2 big kobolds (D:7)
  2 crocodiles
  Blork the orc (D:4)
  2 bullfrogs
  6 killer bees
  3 wights (D:7)
  3 orc priests
  2 hounds (D:7)
  An iguana (D:10)
  A worker ant (D:10)
  A howler monkey skeleton (D:11)
  3 orcs (D:10)
  A ball python (D:2)
  A giant cockroach (D:7)
  A goblin (D:2)
  2 kobolds (D:7)
81 creatures vanquished.

Vanquished Creatures (others)
  A spectral killer bee (D:7)
  26 fungi
  17 plants
44 creatures vanquished.

Grand Total: 421 creatures vanquished

Notes
Turn   | Place    | Note
-------+----------+-------------------------------------------
     0 | D:1      | Drevant2 the Demonspawn Chaos Knight began the quest for
                  | the Orb.
     0 | D:1      | Reached XP level 1. HP: 18/18 MP: 1/1
     4 | D:1      | Noticed an electric eel
     4 | D:1      | Noticed an electric eel
    68 | D:1      | Reached skill level 1 in Dodging
   328 | D:1      | XOM: silly message
   383 | D:1      | Gained mutation: A weak demonic guardian rushes to your
                  | aid. [demonic ancestry]
   383 | D:1      | Reached XP level 2. HP: 22/24 MP: 2/2
   562 | D:1      | XOM: silly message
   769 | D:2      | XOM: noise
   775 | D:2      | Noticed Robin
   810 | D:1      | XOM: scenery: create altars
  1091 | D:2      | Killed Robin
  1091 | D:2      | Gained mutation: When seriously injured, your bleeding
                  | wounds create armour. (AC +9) [demonic ancestry]
  1091 | D:2      | Reached XP level 3. HP: 26/29 MP: 3/3
  1663 | D:2      | XOM: silly message
  2057 | D:2      | XOM: enchant monster (good)
  2060 | D:2      | Gained mutation: A demonic guardian rushes to your aid.
                  | [demonic ancestry]
  2060 | D:2      | Reached XP level 4. HP: 24/35 MP: 4/4
  2560 | D:2      | Noticed a sky beast
  2560 | D:2      | a worm changed into a sky beast
  2571 | D:2      | Killed a sky beast
  2571 | D:2      | Reached skill level 1 in Shields
  2571 | D:2      | Gained mutation: When seriously injured, your bleeding
                  | wounds create thick armour. (AC +9) [demonic ancestry]
  2571 | D:2      | Reached XP level 5. HP: 27/41 MP: 5/5
  2748 | D:3      | Noticed an ogre
  2752 | D:3      | Killed an ogre
  2884 | D:3      | XOM: give mutations
  2884 | D:3      | Gained mutation: You are dopey. (Int -2) [Xom's mischief]
  2884 | D:3      | Gained mutation: You expend magic power (3 MP) to
                  | strengthen your wands. [Xom's mischief]
  2884 | D:3      | Lost mutation: You are dopey. (Int -2) [Xom's mischief]
  3486 | D:3      | XOM: give mutations
  3486 | D:3      | Gained mutation: You can translocate small distances at
                  | will. [Xom's mischief]
  3486 | D:3      | Gained mutation: Your magical capacity is low. (-10% MP)
                  | [Xom's mischief]
  3486 | D:3      | Lost mutation: You expend magic power (3 MP) to strengthen
                  | your wands. [Xom's mischief]
  3625 | D:4      | Noticed a moth of wrath
  3628 | D:4      | Found a bloodstained altar of Trog.
  3660 | D:4      | Reached skill level 5 in Long Blades
  3898 | D:4      | Noticed Sigmund
  3898 | D:4      | Noticed Blork the orc
  3905 | D:4      | Killed Blork the orc
  3905 | D:4      | Gained mutation: You have sharp toenails. [demonic
                  | ancestry]
  3905 | D:4      | Reached XP level 6. HP: 47/47 MP: 5/5
  4001 | D:4      | Killed Sigmund
  4156 | D:4      | Noticed Grinder
  4156 | D:4      | Paralysed by Grinder for 5 turns
  4166 | D:4      | Killed Grinder
  4471 | D:4      | XOM: divination: detect creatures
  4557 | D:5      | Entered Level 5 of the Dungeon
  4576 | D:5      | Reached XP level 7. HP: 38/52 MP: 6/6
  4655 | D:5      | XOM: noise
  5107 | D:5      | Noticed Ijyb
  5116 | D:5      | Killed Ijyb
  5298 | D:5      | XOM: give mutations
  5298 | D:5      | Gained mutation: You have a pair of small antennae on your
                  | head. [Xom's mischief]
  5298 | D:5      | Gained mutation: You are resistant to hostile enchantments.
                  | (MR+) [Xom's mischief]
  5298 | D:5      | Gained mutation: You are clumsy. (Dex -2) [Xom's mischief]
  5300 | D:5      | Noticed Prince Ribbit
  5304 | D:5      | Killed Prince Ribbit
  5331 | D:5      | Found a hide-covered altar of Uskayaw.
  5498 | D:5      | Found a shattered altar of Ashenzari.
  5655 | D:5      | XOM: silly message
  5991 | D:5      | Noticed a shapeshifter
  5991 | D:5      | a centaur changed into a shapeshifter
  5991 | D:5      | Noticed a harpy
  5991 | D:5      | a shapeshifter changed into a harpy
  5994 | D:5      | XOM: butterfly on damage
  5999 | D:5      | Killed a harpy
  5999 | D:5      | Reached XP level 8. HP: 33/58 MP: 7/7
  6255 | D:5      | XOM: divination: detect creatures
  6278 | D:5      | XOM: divination: detect creatures
  6332 | D:6      | XOM: divination: detect creatures
  6574 | D:6      | You fall into a shaft and drop 3 floors!
  6582 | D:9      | Reached skill level 5 in Shields
  6719 | D:9      | XOM: 3-stop teleportation journey
  6865 | D:8      | XOM: scenery: create altars
  6866 | D:8      | XOM: noise
  7290 | D:7      | Reached XP level 9. HP: 32/64 MP: 8/8
  7354 | D:7      | XOM: 2-stop teleportation journey
  7460 | D:7      | XOM: cloud trail
  7550 | D:7      | Found a burning altar of Makhleb.
  7590 | D:7      | Noticed a white ugly thing
  7592 | D:7      | Noticed a manticore
  7644 | D:7      | Killed a white ugly thing
  7645 | D:7      | XOM: summons 3 friendly demons
  7650 | D:7      | Reached skill level 10 in Long Blades
  7654 | D:7      | Killed a manticore
  7744 | D:7      | Found a staircase to the Ecumenical Temple.
  7885 | D:7      | XOM: god gift: +14 obsidian axe {vorpal, +Fly SInv *Curse}
  7886 | D:7      | Found the +14 obsidian axe {vorpal, +Fly SInv *Curse}
  7951 | D:7      | XOM: scenery: create altars
  7978 | D:7      | Found an ornate altar of the Wu Jian Council.
  7999 | D:7      | Noticed an unseen horror
  8015 | D:7      | Killed an unseen horror
  8015 | D:7      | Reached skill level 3 in Axes
  8015 | D:7      | XOM: scenery: summon butterflies
  8178 | D:7      | Identified the +1 leather armour "Itegg" {Harm rElec Str+4}
  8241 | D:7      | Found a runed translucent gate.
  8242 | D:7      | Found a runed translucent gate.
  8243 | D:7      | Found a runed translucent gate.
  8262 | D:7      | XOM: 1-stop teleportation journey
  8387 | D:6      | Found a radiant altar of Vehumet.
  8476 | D:6      | Reached XP level 10. HP: 51/70 MP: 9/9
  8624 | D:6      | Found a snail-covered altar of Cheibriados.
  8696 | D:6      | XOM: give mutations
  8696 | D:6      | Gained mutation: Your muscles are strong. (Str +2) [Xom's
                  | grace]
  8696 | D:6      | Gained mutation: You possess an exceptional clarity of
                  | mind. [Xom's grace]
  8716 | D:6      | Reached skill level 4 in Axes
  8810 | D:6      | XOM: 2-stop teleportation journey
  9252 | D:6      | XOM: scenery: summon butterflies
  9260 | D:6      | XOM: noise
  9417 | D:7      | Noticed radzia's ghost (novice VSFi)
  9553 | D:7      | Got a polished hat
 10146 | D:8      | Reached skill level 5 in Axes
 10488 | D:8      | XOM: give mutation
 10488 | D:8      | Gained mutation: Armour fits poorly on your strangely
                  | shaped body. [Xom's mischief]
 10590 | D:8      | Found a bloodstained altar of Trog.
 10657 | D:8      | Identified the cursed +0 hat of Syotioxt {MR+ Str+2} (You
                  | found it on level 7 of the Dungeon)
 10774 | D:8      | XOM: give mutations
 10774 | D:8      | Gained mutation: Your body sometimes deteriorates upon
                  | taking damage. [Xom's mischief]
 10774 | D:8      | Lost mutation: You possess an exceptional clarity of mind.
                  | [Xom's mischief]
 10774 | D:8      | Lost mutation: Your muscles are strong. (Str +2) [Xom's
                  | mischief]
 10848 | D:9      | Found a sacrificial altar of Ru.
 10850 | D:9      | Found a glowing golden altar of the Shining One.
 11005 | D:9      | Noticed a sun demon
 11026 | D:9      | XOM: swap monsters
 11030 | D:9      | Reached skill level 6 in Axes
 11324 | D:9      | Found an opulent altar of Gozag.
 11351 | D:9      | Reached skill level 7 in Axes
 11587 | D:10     | Entered Level 10 of the Dungeon
 12010 | D:10     | Noticed Erolcha
 12010 | D:10     | XOM: silly message
 12042 | D:10     | Killed Erolcha
 12042 | D:10     | Reached XP level 11. HP: 57/75 MP: 9/9
 12188 | D:10     | XOM is BORED!
 12217 | D:10     | XOM: divination: detect creatures
 12220 | D:10     | Reached skill level 8 in Axes
 12344 | D:10     | XOM: 6-stop teleportation journey
 12357 | D:10     | Found a staircase to the Lair.
 12401 | D:10     | XOM: polymorph sixfirhy -> sun demon
 12709 | Lair:1   | Entered Level 1 of the Lair of Beasts
 12773 | Lair:1   | Noticed Fannar
 12786 | Lair:1   | XOM: smoke on damage
 12794 | Lair:1   | Killed Fannar
 13089 | Lair:1   | Reached skill level 9 in Axes
 13341 | Lair:1   | XOM: cloud trail
 13535 | Lair:2   | XOM: cloud trail
 13542 | Lair:2   | XOM: swap monsters
 13706 | Lair:2   | Noticed Urug
 13707 | Lair:2   | XOM: god gift: wand of disintegration (10)
 13717 | Lair:2   | Killed Urug
 13874 | Lair:2   | Reached skill level 10 in Axes
 13903 | Lair:2   | XOM: butterfly on damage
 14035 | Lair:2   | XOM: polymorph soul eater -> sun demon
 14060 | Lair:2   | XOM: butterfly on damage
 14159 | Lair:2   | XOM: smoke on damage
 14167 | Lair:2   | Reached skill level 10 in Shields
 14509 | Lair:2   | XOM: god gift: +2 cloak of the Thief {*Fog Slay-2 SInv
                  | Stlth+}
 14510 | Lair:2   | Found the +2 cloak of the Thief {*Fog Slay-2 SInv Stlth+}
 14700 | D:7      | Killed radzia's ghost
 14727 | D:7      | XOM: god gift: scroll labeled IFUTSEIMAO {god gift}
 15159 | D:11     | XOM: 8-stop teleportation journey
 15269 | Lair:3   | Noticed a six-headed hydra
 15272 | Lair:3   | Gained mutation: You have razor-sharp toenails. [demonic
                  | ancestry]
 15272 | Lair:3   | Reached XP level 12. HP: 25/81 MP: 10/10
 15303 | Lair:3   | Noticed a six-headed hydra
 15310 | Lair:3   | Reached skill level 11 in Axes
 15407 | Lair:2   | XOM: give mutations
 15407 | Lair:2   | Gained mutation: You have a pair of antennae on your head.
                  | [Xom's grace]
 15407 | Lair:2   | Gained mutation: You have claws for feet. [Xom's grace]
 15407 | Lair:2   | Gained mutation: Your flesh is heat resistant. (rF+) [Xom's
                  | grace]
 15407 | Lair:2   | Lost mutation: You are clumsy. (Dex -2) [Xom's grace]
 15596 | Lair:2   | XOM: scenery: summon butterflies
 15691 | Lair:3   | XOM: scenery: create altars
 15702 | Lair:3   | Gained mutation: You are clumsy. (Dex -2) [a neqoxec]
 15810 | Lair:2   | XOM: god gift: blackened ruby ring {god gift}
 16003 | Lair:3   | Killed a seven-headed hydra
 16078 | Lair:3   | XOM: scenery: create altars
 16208 | Lair:3   | XOM: summons 12 friendly demons
 16679 | Lair:3   | Killed a six-headed hydra
 16978 | Lair:4   | XOM: scenery: create altars
 16991 | Lair:4   | Reached skill level 12 in Axes
 17034 | Lair:4   | Found a staircase to the Shoals.
 17044 | Lair:4   | XOM: polymorph ufetubus -> crimson imp
 17105 | Lair:4   | Found a hole to the Spider Nest.
 17767 | Lair:4   | XOM: 1-stop teleportation journey
 17937 | Lair:4   | XOM: noise
 18286 | Lair:5   | XOM: noise
 18286 | Lair:5   | Found a staircase to the Slime Pits.
 18287 | Lair:5   | Found a viscous altar of Jiyva.
 18498 | Lair:5   | Noticed a seven-headed hydra
 18506 | Lair:5   | HP: 4/81 [eight-headed hydra (2)]
 18506 | Lair:5   | Slain by an eight-headed hydra

Illustrated notes

Levels and vault maps discovered:
D:1:      arrival_aquarium_b, layout_basic, minmay_pentomino_q2
D:2:      minmay_diamond_boxcup, layout_basic, grunt_ministairs_9, uniq_robin
D:3:      layout_loops_ring
D:4:      layout_gridville, tgw_trog, uniq_sigmund, uniq_grinder,
          uniq_blork_the_orc
D:5:      layout_gridville, lemuel_crystal_altar, nicolae_ashenzari_panopticon,
          uniq_ijyb, uniq_prince_ribbit1
D:6:      layout_cave_pods, vehumet_statue, serial_park, serial_park_tiny_pond,
          serial_park_square1 [serial_park_minivault_5x5_8], enter_ossuary_4,
          portal_sewer_entry_a, kennysheep_slug_shrine
D:7:      minmay_the_grid_triangle_9x9_recursive_2
          [minmay_the_grid_triangle_9x9_prize_schism,
          minmay_the_grid_triangle_9x9_dagger,
          minmay_the_grid_triangle_9x9_skeleton,
          minmay_the_grid_triangle_9x9_shrine], layout_basic,
          lemuel_round_altar, minmay_temple_entry_enclosed_plants,
          gammafunk_ghost_necromancy, serial_bayou_pond_e, corexii_checkpoint_b
D:8:      layout_loops_ring, basic_altar, serial_rivers,
          chequers_serial_rivers_room_b, chequers_serial_rivers_marsh,
          chequers_serial_rivers_micro_c, chequers_serial_rivers_room_b,
          chequers_serial_rivers_micro_b, chequers_serial_rivers_micro_a
D:9:      layout_roguey, lemuel_round_altar,
          chequers_temple_overflow_statue_of_worship
D:10:     layout_small_grid, lair_entry_dummy, uniq_erolcha
D:11:     layout_cave_pools, orc_0_dummy, special_room [special_room_orc],
          enter_trove_6, minmay_circle_x
Lair:1:   layout_long_grid, uniq_fannar
Lair:2:   layout_small_grid, uniq_urug
Lair:3:   layout_loops_ring
Lair:4:   layout_cave_pods, elwin_shoals_entry_rocks,
          spider_nest_entry_web_field
Lair:5:   layout_roguey, slime_altar_1, special_room [special_room_bee],
          grunt_megastairs_1

Skill      XL: |  1  2  3  4  5  6  7  8  9 10 11 12 |
---------------+-------------------------------------+-----
Dodging        | 1 |  1.3
Long Blades    | 3 4 5 6 7 9 10 | 10.2
Armour         | 2 |  2.2
Shields        | 1 2 3 4 5 7 8 10 11 | 11.2
Axes           | 3 7 10 12 | 12.6
Fighting       | |  3.4

Action                   |  1- 3 |  4- 6 |  7- 9 | 10-12 || total
-------------------------+-------+-------+-------+-------++-------
Melee: Falchion          |   122 |   141 |   236 |       ||   499
       Kick              |       |     9 |    78 |    86 ||   173
       Broad axe         |       |       |    22 |   372 ||   394
 Abil: Blink             |       |       |       |     2 ||     2
Evoke: Wand              |       |       |       |     8 ||     8
  Use: Scroll            |     1 |       |     4 |    11 ||    16
       Potion            |       |     1 |     3 |     6 ||    10
 Stab: Sleeping          |     1 |       |       |       ||     1
       Petrifying        |     1 |       |     1 |       ||     2
       Petrified         |     1 |       |       |       ||     1
       Paralysed         |       |     1 |     1 |       ||     2
       Distracted        |       |       |       |     5 ||     5
       Held in net/web   |       |       |       |     1 ||     1
Armor: Leather armour    |    20 |    34 |    64 |    23 ||   141
       Skin              |       |       |     7 |    16 ||    23
       Troll leather arm |       |       |       |    12 ||    12
Dodge: Dodged            |    42 |    44 |    68 |   111 ||   265
Block: Kite shield       |    15 |    74 |   117 |   276 ||   482
       Reflection        |       |       |       |     1 ||     1
       Rpst.: Falchion   |    11 |    15 |    13 |       ||    39

Table legend: (Time is in decaauts)
 A = Elapsed time spent in this place.
 B = Non-inter-level travel time spent in this place.
 C = Inter-level travel time spent in this place.
 D = Time resting spent in this place.
 E = Time spent auto-exploring this place.
 F = Levels seen in this place.
 G = Mean time per level.
                   A        B        C        D        E       F      G
               +--------+--------+--------+--------+--------+-----+--------+
         Total |  18652 |  17148 |   1504 |   5248 |   9430 |  16 | 1165.8 |
       Dungeon |  13459 |  12371 |   1088 |   3582 |   6850 |  11 | 1223.5 |
          Lair |   5193 |   4777 |    416 |   1666 |   2580 |   5 | 1038.6 |
               +--------+--------+--------+--------+--------+-----+--------+

Top non-repeatable levels by time:
     D:7: 2166 daAuts
     D:5: 1777 daAuts
  Lair:2: 1526 daAuts
  Lair:4: 1442 daAuts
     D:2: 1426 daAuts
     D:1: 1251 daAuts
    D:10: 1209 daAuts
     D:6: 1203 daAuts
     D:8: 1180 daAuts
     D:9: 1127 daAuts
  Lair:3: 1082 daAuts
     D:3: 976 daAuts
     D:4: 948 daAuts
  Lair:1: 922 daAuts
  Lair:5: 220 daAuts
